 Dungeon Crawl Stone Soup version 0.25-a0-42-g6c54e25894 (webtiles) character file.

Game seed: 7189585081241743847, levelgen mode: deterministic

12667 Flugkiller the Martial Artist (level 11, -7/84 (85) HPs)
             Began as an Octopode Enchanter on Oct 22, 2019.
             Was an Elder of Nemelex Xobeh.
             Killed by a card of wild magic (29 damage)
             ... in an ice cave.
             The game lasted 00:24:49 (17152 turns).

Flugkiller the Martial Artist (Octopode Enchanter) Turns: 17152, Time: 00:24:50

HP:   -7/84 (85)    AC:  1    Str: 15    XL:     11   Next: 96%
MP:   35/35         EV: 19    Int: 17    God:    Nemelex Xobeh [****..]
Gold: 994           SH:  8    Dex: 16    Spells: 13/14 levels left

rFire    . . .     SeeInvis +     - Unarmed
rCold    . . .     Gourm    .   D - +3 buckler "Moys" {Str+7}
rNeg     . . .     Faith    .   (helmet restricted)
rPois    .         Spirit   .   o - amulet of rage
rElec    .         Reflect  .   x - ring of see invisible
rCorr    .         Harm     .   z - ring of magical power
MR       .....     Clarity  +   i - ring of magical power
Stlth    ++++......             (no ring)
HPRegen  0.24/turn              (no ring)
MPRegen  0.24/turn              (no ring)
                                (no ring)
                                (no ring)

@: no status effects
A: almost no armour, stealthy swim, amphibious, 8 rings, constrict 8, camouflage
1, clarity, robust 1, gelatinous body 1
a: Draw Escape, Draw Destruction, Draw Summoning, Triple Draw, Deal Four,
Renounce Religion, Evoke Berserk Rage


You were in an ice cave.
You worshipped Nemelex Xobeh.
Nemelex Xobeh was greatly pleased with you.
You were not hungry.

You visited 3 branches of the dungeon, and saw 13 of its levels.
You also visited: Ice Cave.

You collected 994 gold pieces.

Inventory:

Hand Weapons
 a - a +1 dagger
 h - a +0 dagger of draining
   (You took it off a goblin on level 1 of the Dungeon)
Armour
 D - the +3 buckler "Moys" (worn) {Str+7}
   (You found it on level 9 of the Dungeon)

   It affects your strength (+7).
Magical Staves
 G - an uncursed staff of fire
   (You found it on level 2 of the Lair of Beasts)
Jewellery
 i - a ring of magical power (on tentacle)
   (You found it on level 9 of the Dungeon)
 o - an amulet of rage (around mantle)
   (You found it on level 2 of the Dungeon)
 v - an uncursed amulet of regeneration {unknown}
   (You found it on level 4 of the Dungeon)
 w - an uncursed amulet of the gourmand {unknown}
   (You found it on level 4 of the Dungeon)
 x - a ring of see invisible (left tentacle)
   (You found it on level 5 of the Dungeon)
 z - a ring of magical power (right tentacle)
   (You found it on level 8 of the Dungeon)
Wands
 n - a wand of iceblast (8)
   (You took it off Maurice on level 9 of the Dungeon)
 p - a wand of scattershot (2)
   (You found it on level 7 of the Dungeon)
 E - a wand of digging (4)
   (You found it on level 1 of the Lair of Beasts)
Scrolls
 b - 6 scrolls of remove curse
 e - a scroll of magic mapping
 f - a scroll of enchant armour
 g - a scroll of immolation
 l - 4 scrolls of teleportation
 m - 2 scrolls of fog
 q - 3 scrolls of enchant weapon
 s - a scroll of blinking {unknown}
 y - a scroll of amnesia
 A - a scroll of holy word
Potions
 c - 3 potions of berserk rage
 j - 3 potions of resistance
 k - 2 potions of mutation
 r - 2 potions of haste
 u - a potion of invisibility
 B - 2 potions of magic
 C - a potion of lignification
 F - a potion of curing
Comestibles
 d - 6 rations


   Skills:
 + Level 8.7 Fighting
 - Level 1.0 Short Blades
 + Level 8.9 Dodging
 - Level 4.0 Stealth
 - Level 4.0 Shields
 * Level 9.6 Unarmed Combat
 - Level 2.0 Spellcasting
 - Level 3.0 Hexes
 + Level 9.2 Invocations
 - Level 5.0 Evocations


You had 13 spell levels left.
You knew the following spells:

 Your Spells              Type           Power        Failure   Level  Hunger
a - Corona                Hex            ##.....      5%          1    #......

Your spell library contained the following spells:

 Spells                   Type           Power        Failure   Level  Hunger
 Ensorcelled Hibernation  Hex/Ice        #.....       16%         2    ###....
 Confuse                  Hex            ##......     17%         3    ###....
 Tukima's Dance           Hex            ##......     17%         3    ###....
 Sting                    Conj/Pois      #...         19%         1    #......
 Poisonous Vapours        Pois/Air       #.....       28%         2    ###....
 Dazzling Spray           Conj/Hex       #.....       30%         3    ###....
 Mephitic Cloud           Conj/Pois/Air  #.......     50%         3    ###....
 Olgreb's Toxic Radiance  Pois           #.......     88%         4    #####..
 Venom Bolt               Conj/Pois      #.........   99%         5    ######.


Dungeon Overview and Level Annotations

Branches:
Dungeon (10/15)            Temple (1/1) D:6            Lair (2/6) D:10
  IceCv (1/1)
  Swamp: Lair:2-4    Shoals: Lair:2-4     Snake: Lair:2-4    Spider: Lair:2-4
    Orc: D:9-12

Altars:
Elyvilon
Nemelex Xobeh
The Shining One

Annotations:
D:3 2 transporters, vurker's ghost, amateur TrHu
D:9 exclusion: bullfrog, Erolcha
D:10 1 runed translucent door, exclusions: centaur, hungry ghost, tengu warrior, 2 two-headed ogres and 2 yaks, Fannar; Fingolfin's ghost, novice DgIE
Lair:1 exclusion: ice statue IceCv exclusion: ice statue


Innate Abilities, Weirdness & Mutations

You cannot wear most types of armour.
You are very stealthy in the water. (Stealth+)
You are amphibious.
You can wear up to eight rings at the same time.
You can use your tentacles to constrict eight enemies at once.
Your skin changes colour to match your surroundings (Stealth+).
Your rubbery body absorbs attacks. (AC +1, EV +1)
You possess an exceptional clarity of mind.
You are robust. (+10% HP)


Message History

The ice statue gestures at you. The shard of ice misses you.
You bludgeon the ice statue!
The ice statue is heavily damaged.
The ice statue glitters chillingly in the dim dungeon light.
The ice statue gestures at you. The shard of ice misses you.
You tentacle-slap the ice statue.
You squeeze the ice statue, but do no damage.
The ice statue is heavily damaged.
You tentacle-slap the ice statue but do no damage.
The ice statue is heavily damaged.
The ice statue gestures.
You completely miss the ice statue.
You squeeze the ice statue, but do no damage.
The ice statue is heavily damaged.
The ice statue gestures.
You bludgeon the ice statue! You squeeze the ice statue.
The ice statue is severely damaged.
The ice statue gestures at you. The freezing blast misses you.
You are engulfed in freezing vapours.
You are engulfed in freezing vapours.
You barely miss the ice beast. You tentacle-slap the ice beast.
You squeeze the ice beast.
The ice beast is moderately wounded.
The ice beast hits you. The ice beast freezes you!
* * * LOW HITPOINT WARNING * * *
You closely miss the ice beast. Your squeeze misses the ice beast.
The ice beast is moderately wounded.
The ice beast hits you.
* * * LOW HITPOINT WARNING * * *
The ice beast freezes you!
* * * LOW HITPOINT WARNING * * *
You tentacle-slap the ice beast but do no damage.
You squeeze the ice beast, but do no damage.
The ice beast is moderately wounded.
The ice beast closely misses you.
Unknown command.
Evoke which item? (* to show all) (? for menu, Esc to quit)
Okay, then.
You draw a card...
You have drawn Wild Magic.
There is a sudden explosion of magical energy!
The explosion engulfs the ice beast!!!
You kill the ice beast!
The explosion engulfs the ice beast!!
The ice beast is severely wounded.
The explosion engulfs you!!
You die...
Your body glows with a rainbow of weird colours and disappears.

#..........#
##.#....#8##
####..####
##.Y# ##..##
#..## #...##
##.Y.##
##..@#
##...#
#...##
##...##
##.....##
#...∩...#
#.......#
##..∩..##
##...##


You could see an ice beast.

Vanquished Creatures
  A hydra (Lair:2)
  A spiny frog (Lair:1)
  An ice statue (IceCv)
  2 centaur skeletons (D:10)
  4 rime drakes
  A blink frog (D:6)
  2 hippogriffs
  4 yaks
  Grum (D:8)
  2 basilisks
  4 water moccasins
  3 porcupines
  2 orc warriors
  2 phantoms
  3 sky beasts (D:6)
  A black bear (D:8)
  14 ice beasts
  2 necrophages (D:10)
  7 wolves
  4 ogres
  4 crocodiles (D:10)
  2 centaurs
  7 bullfrogs
  2 gnoll sergeants
  7 scorpions
  14 killer bees
  A jelly (D:6)
  2 howler monkeys
  2 electric eels (Lair:1)
  2 crimson imps
  A quasit (D:7)
  5 orc priests
  5 hounds
  2 bullfrog skeletons
  12 orc wizards
  Jessica (D:2)
  4 iguanas
  9 worker ants
  2 hound skeletons
  A mummy (D:4)
  A worker ant zombie (D:7)
  9 gnolls
  19 adders
  4 shadow imps
  An adder zombie (D:6)
  2 worms
  3 dart slugs (D:1)
  5 leopard geckos
  44 orcs
  8 giant cockroaches
  6 goblins
  8 hobgoblins
  17 jackals
  3 quokkas
  4 ball pythons
  6 bats
  7 frilled lizards
  A giant cockroach zombie (D:5)
  2 hobgoblin zombies (D:4)
  6 kobolds
  A kobold zombie (D:4)
  A leopard gecko skeleton (D:9)
  An orc zombie (D:4)
  9 rats
314 creatures vanquished.

Vanquished Creatures (collateral kills)
  Maurice (D:9)
  Joseph (D:7)
  A troll (D:7)
  3 wolves (Lair:2)
  A leopard gecko (D:7)
7 creatures vanquished.

Vanquished Creatures (others)
  A scorpion (D:6)
  A gnoll (D:5)
  A ball lightning (D:5)
  3 fungi
  6 plants
  2 toadstools (D:1)
14 creatures vanquished.

Grand Total: 335 creatures vanquished

Notes
Turn   | Place    | Note
-------+----------+-------------------------------------------
     0 | D:1      | Flugkiller the Octopode Enchanter began the quest for the
                  | Orb.
     0 | D:1      | Reached XP level 1. HP: 11/11 MP: 3/3
   103 | D:1      | Reached XP level 2. HP: 18/18 MP: 5/5
   177 | D:1      | Reached skill level 1 in Fighting
   177 | D:1      | Reached skill level 1 in Unarmed Combat
   377 | D:1      | Reached XP level 3. HP: 20/23 MP: 6/6
   494 | D:1      | Found a sparkling altar of Nemelex Xobeh.
   498 | D:1      | Became a worshipper of Nemelex Xobeh the Trickster
   817 | D:1      | Received a gift from Nemelex Xobeh
  1008 | D:2      | Reached XP level 4. HP: 23/29 MP: 7/7
  1054 | D:2      | Noticed Jessica
  1058 | D:2      | Killed Jessica
  1058 | D:2      | Reached skill level 1 in Invocations
  1203 | D:2      | Reached XP level 5. HP: 34/34 MP: 8/8
  2130 | D:3      | Reached * piety under Nemelex Xobeh
  2594 | D:3      | Found a transporter.
  2595 | D:3      | Noticed vurker's ghost (amateur TrHu)
  2596 | D:3      | Identified the +4 dire flail of the Wraith {venom, Fragile
                  | rElec MR+ SInv}
  2596 | D:3      | Noticed an ogre
  2596 | D:3      | Noticed an ogre
  2609 | D:3      | Found a transporter.
  2801 | D:4      | Reached XP level 6. HP: 41/41 MP: 9/9
  3077 | D:4      | Received a gift from Nemelex Xobeh
  3436 | D:4      | Reached ** piety under Nemelex Xobeh
  3460 | D:4      | Reached XP level 7. HP: 45/46 MP: 10/10
  4154 | D:4      | Gained mutation: You possess an exceptional clarity of
                  | mind. [potion of mutation]
  4154 | D:4      | Gained mutation: You are robust. (+10% HP) [potion of
                  | mutation]
  4156 | D:5      | Entered Level 5 of the Dungeon
  4792 | D:5      | Reached XP level 8. HP: 59/59 MP: 11/11
  5245 | D:5      | Reached skill level 5 in Dodging
  5647 | D:6      | Found a staircase to the Ecumenical Temple.
  5766 | D:6      | Noticed a blink frog
  5766 | D:6      | an ogre changed into a blink frog
  5767 | D:6      | Killed a blink frog
  5767 | D:6      | Reached skill level 5 in Invocations
  5909 | D:6      | Found a white marble altar of Elyvilon.
  5996 | D:6      | Reached skill level 5 in Fighting
  5996 | D:6      | Reached skill level 5 in Unarmed Combat
  6353 | D:6      | Reached XP level 9. HP: 47/67 MP: 13/13
  7321 | D:6      | Received a gift from Nemelex Xobeh
  7499 | D:7      | Noticed Joseph
  7876 | D:7      | Noticed a troll
  8470 | D:7      | Killed a troll
  8657 | Temple   | Entered the Ecumenical Temple
  8890 | D:7      | Killed Joseph
  8963 | D:7      | Reached XP level 10. HP: 68/75 MP: 15/15
  8999 | D:7      | Received a gift from Nemelex Xobeh
  9545 | D:8      | Noticed Grum
 10604 | D:8      | Reached *** piety under Nemelex Xobeh
 10731 | D:8      | HP: 3/78 [poisoned by Grum]
 11157 | D:8      | Killed Grum
 11235 | D:9      | Received a gift from Nemelex Xobeh
 11384 | D:9      | Found a glowing golden altar of the Shining One.
 11433 | D:9      | Noticed Maurice
 11449 | D:9      | Killed Maurice
 11455 | D:9      | Received a gift from Nemelex Xobeh
 11501 | D:9      | Got a smoking buckler
 11572 | D:9      | Identified the +3 buckler "Moys" {Str+7} (You found it on
                  | level 9 of the Dungeon)
 11776 | D:9      | Noticed Erolcha
 11862 | D:9      | Reached skill level 1 in Shields
 11975 | D:9      | Reached skill level 1 in Evocations
 12487 | D:10     | Entered Level 10 of the Dungeon
 12669 | D:10     | Found a staircase to the Lair.
 13035 | D:10     | Received a gift from Nemelex Xobeh
 13131 | D:10     | Noticed Fannar
 13205 | D:10     | Reached XP level 11. HP: 81/81 MP: 17/17
 13299 | D:10     | Reached skill level 5 in Evocations
 13910 | D:10     | Noticed a two-headed ogre
 13910 | D:10     | Noticed a two-headed ogre
 14030 | D:10     | Noticed a tengu warrior
 14087 | D:10     | Found a runed translucent door.
 14126 | D:10     | Noticed Fingolfin's ghost (novice DgIE)
 14215 | D:10     | Reached **** piety under Nemelex Xobeh
 14371 | Lair:1   | Entered Level 1 of the Lair of Beasts
 15006 | Lair:1   | Received a gift from Nemelex Xobeh
 15621 | Lair:2   | Noticed a seven-headed hydra
 15624 | Lair:2   | Killed a seven-headed hydra
 15778 | Lair:2   | Found a frozen archway.
 15967 | IceCv    | Entered an ice cave
 17152 | IceCv    | Killed by a card of wild magic

Levels and vault maps discovered:
D:1:      matt_arrival_spirals, layout_loops_ring, minmay_gold_behind_fungi,
          nemelex_diamond_rough_becter
D:2:      layout_basic, chequers_jeans, chequers_serial_rivers_micro_b,
          uniq_jessica
D:3:      layout_basic, gammafunk_ghost_smash, first_ration, st_stairs_10,
          eino_tiny_chamber, chequers_serial_rivers_micro_e
D:4:      cheibrodos_barr_body, layout_basic, minmay_mini_ossuary
D:5:      layout_rooms, minivault_27
D:6:      minmay_polygon_palace, layout_basic, kennysheep_little_box,
          minmay_temple_entry_trees
D:7:      layout_cave_pools, uniq_joseph
D:8:      layout_cave_pools, serial_glass, glass_columns_b, glass_columns_a,
          uniq_grum
D:9:      layout_grid_maze, basic_altar, uniq_maurice, uniq_erolcha
D:10:     layout_loops_ring, minmay_lair_entry_grove, gammafunk_ghost_grave,
          grunt_tengu_nest, minmay_increasing_density, uniq_fannar
Temple:   kilobyte_greek_temple
Lair:1:   statuecave_lemuel, layout_cave_pods
Lair:2:   layout_long_grid, special_room [special_room_bee],
          portal_ice_cave_rime, serial_bayou_shore_a, lemuel_fruit_tree
IceCv:    ice_cave_small_dragons

Skill      XL: |  1  2  3  4  5  6  7  8  9 10 11 |
---------------+----------------------------------+-----
Fighting       | 1 2 3 4 5 6 7 8 |  8.7
Unarmed Combat | 1 2 3 4 5 6 7 9 |  9.6
Invocations    | 1 2 3 4 5 7 8 9 |  9.2
Dodging        | 3 4 5 7 8 |  8.9
Shields        | 4 |  4.0
Evocations     | 4 5 |  5.0
Short Blades   | |  1.0
Stealth        | |  4.0
Spellcasting   | |  2.0
Hexes          | |  3.0

Action                   |  1- 3 |  4- 6 |  7- 9 | 10-12 || total
-------------------------+-------+-------+-------+-------++-------
Melee: Dagger            |    80 |   161 |   256 |       ||   497
       Tentacles         |    18 |    31 |    66 |   118 ||   233
       Constrict         |    23 |    39 |    56 |    63 ||   181
       Punch             |     1 |     1 |    15 |    36 ||    53
       Unarmed           |       |       |    93 |   449 ||   542
 Cast: Corona            |       |       |       |    16 ||    16
Invok: Triple Draw       |       |       |       |     1 ||     1
 Abil: Evoke Berserk Rag |       |     1 |     2 |    10 ||    13
       Draw Destruction  |       |       |    12 |    15 ||    27
       Draw Summoning    |       |       |     3 |     3 ||     6
       Draw Escape       |       |       |       |     1 ||     1
  Use: Scroll            |       |     2 |    12 |    10 ||    24
       Potion            |       |       |     3 |     8 ||    11
 Stab: Sleeping          |    10 |    18 |    14 |    11 ||    53
       Distracted        |       |       |     2 |     1 ||     3
  Eat: Chunk             |       |     9 |    16 |    26 ||    51
       Ration            |       |       |     1 |     3 ||     4
Armor: Skin              |     6 |     5 |    50 |    68 ||   129
Dodge: Dodged            |    55 |    92 |   259 |   284 ||   690
Block: Buckler           |       |       |       |    81 ||    81

Table legend:
 A = Non-vault XP
 B = Vault XP
 C = Vault XP percentage of total XP
 D = Non-vault monster count
 E = Vault monster count
 F = Vault count percentage of total count
                 A         B        C        D         E       F
            +---------+---------+-------+---------+---------+-------
      Total |   10824 |    7273 |  40.2 |     259 |      64 |  19.8
            +---------+---------+-------+---------+---------+-------
        D:1 |      70 |       0 |   0.0 |      37 |       0 |   0.0
        D:2 |      85 |      37 |  30.3 |      17 |       1 |   5.6
        D:3 |     112 |       8 |   6.7 |      25 |       3 |  10.7
        D:4 |     344 |     262 |  43.2 |      18 |      13 |  41.9
        D:5 |     504 |       0 |   0.0 |      22 |       0 |   0.0
        D:6 |    1252 |     514 |  29.1 |      20 |      10 |  33.3
        D:7 |    1367 |     649 |  32.2 |      32 |       3 |   8.6
        D:8 |     796 |     406 |  33.8 |      25 |       3 |  10.7
        D:9 |     735 |     890 |  54.8 |      20 |       5 |  20.0
       D:10 |    2184 |    1088 |  33.3 |      24 |       8 |  25.0
     Lair:1 |    1486 |       0 |   0.0 |       9 |       0 |   0.0
     Lair:2 |    1889 |     562 |  22.9 |      10 |       2 |  16.7
      IceCv |       0 |    2857 | 100.0 |       0 |      16 | 100.0
            +---------+---------+-------+---------+---------+-------
